 Dungeon Crawl Stone Soup version 0.25.0-26-g0c896c7088 (webtiles) character file.

Game seed: 15617085378376115208

10 protoss039 the Grave Robber (level 2, -1/19 HPs)
             Began as a Demonspawn Necromancer on July 2, 2020.
             Slain by a kobold (2 damage)
             ... on level 1 of the Dungeon.
             The game lasted 00:02:27 (633 turns).

protoss039 the Grave Robber (Demonspawn Necromancer) Turns: 633, Time: 00:02:28

Health: -1/19      AC: 10    Str:  8    XL:     2   Next: 10%
Magic:  5/5        EV:  3    Int: 16    God:
Gold:   15         SH:  0    Dex: 13    Spells: 4/5 levels left

rFire    . . .     SeeInvis .   (no weapon)
rCold    . . .     Gourm    .   (no shield)
rNeg     . . .     Faith    .   d - +0 chain mail
rPois    .         Spirit   .   (no helmet)
rElec    .         Reflect  .   (no cloak)
rCorr    .         Harm     .   (no gloves)
MR       .....                  (no boots)
Stlth    ..........             (no amulet)
HPRegen  0.06/turn              (no ring)
MPRegen  0.09/turn              (no ring)

@: no status effects
A: molten scales 1
a: no special abilities


You were on level 1 of the Dungeon.
You were not hungry.

You visited 1 branch of the dungeon, and saw 1 of its levels.

You collected 15 gold pieces.

Inventory:

Armour
 a - a +0 robe
 b - a +0 leather armour
 d - a +0 chain mail (worn)
Comestibles
 c - a ration


   Skills:
 - Level 1.7 Dodging
 - Level 1.7 Stealth
 * Level 2.1 Spellcasting
 + Level 4.8 Necromancy


You had 4 spell levels left.
You knew the following spells:

 Your Spells              Type           Power        Failure   Level  Hunger
a - Pain                  Necr           ###.         99%         1    #......

Your spell library contained the following spells:

 Spells                   Type           Power        Failure   Level  Hunger
 Animate Skeleton         Necr           N/A          99%         1    #......
 Vampiric Draining        Necr           ###.......   100%        3    ###....
 Animate Dead             Necr           N/A          100%        4    #####..
 Agony                    Necr           ###.....     100%        5    ######.


Dungeon Overview and Level Annotations

Branches:
Dungeon (1/15)

Altars:


Innate Abilities, Weirdness & Mutations

You are partially covered in molten scales. (AC +2)


Message History

Your chain mail prevents you from hitting the kobold.
The kobold barely misses you.
You hit the kobold but do no damage. The kobold hits you but does no damage.
You barely miss the kobold. The kobold hits you but does no damage.
You hit the kobold but do no damage. The kobold hits you but does no damage.
You closely miss the kobold. The kobold hits you but does no damage.
You closely miss the kobold. The kobold hits you but does no damage.
You hit the kobold but do no damage. The kobold hits you but does no damage.
Your chain mail prevents you from hitting the kobold.
Your chain mail prevents you from hitting the kobold.
The kobold hits you.
* * * LOW HITPOINT WARNING * * *
Your chain mail prevents you from hitting the kobold.
The kobold barely misses you.
Your chain mail prevents you from hitting the kobold.
The kobold hits you.
* * * LOW HITPOINT WARNING * * *
You completely miss the kobold. The kobold barely misses you.
You closely miss the kobold. The kobold hits you.
You die...

#)........####.# .#
#.....##### #.# # ..
#.....# ####.######.# #.
#.#.### #...........# #.
#.#.# ##.##.....#### #.
#.#.######...#.###.# #)
#.#............#
#.############(
###...#.###...........##.
##.#..@K............(..
##K##.###.#########.###
#####...#..#.##########....
..........#K#...........###
#####...#####.#########.#
##.## #.# #.# #.# #.#
#######.# #.#
##.###..K....#
#.#####...##.#####.#


You could see a kobold.

Vanquished Creatures
  A leopard gecko (D:1)
  A hobgoblin (D:1)
  3 jackals (D:1)
  A bat (D:1)
  A frilled lizard (D:1)
  2 kobolds (D:1)
9 creatures vanquished.

Notes
Turn   | Place    | Note
-------+----------+-------------------------------------------
     0 | D:1      | protoss039 the Demonspawn Necromancer began the quest for
                  | the Orb.
     0 | D:1      | Reached XP level 1. HP: 13/13 MP: 3/3
   482 | D:1      | Gained mutation: You are partially covered in molten
                  | scales. (AC +2) [demonic ancestry]
   482 | D:1      | Reached XP level 2. HP: 9/19 MP: 5/5
   633 | D:1      | Slain by a kobold

Illustrated notes

Levels and vault maps discovered:
D:1:      matt_arrival_grand_opening, layout_loops_ring,
          hangedman_decor_riveting

Action                   || total
-------------------------++-------
Melee: Unarmed           ||   113
 Cast: Pain              ||     5
Armor: Chain mail        ||    74
       Leather armour    ||     5
Dodge: Dodged            ||    31
